[Event "*** Titled Tuesday Blitz"]
[Site "Chess.com"]
[Date "2020.05.05"]
[Round "7"]
[White "Kotofeyca"]
[Black "ChessWarrior3"]
[Result "1/2-1/2"]
[WhiteElo "2402"]
[BlackElo "2048"]
[TimeControl "180+1"]
[EndTime "11:19:29 PDT"]
[Termination "Game drawn by repetition"]

1. d4 Nf6 2. c4 g6 3. f3 d5 4. cxd5 Nxd5 5. e4 Nb6 6. Nc3 Bg7 7. Be3 O-O 8. Qd2 f5 9. O-O-O fxe4 10. fxe4 Bg4 11.
Be2 Bxe2 12. Qxe2 Nc6 13. Nf3 Na5 14. b3 Qd6 15. Nb5 Qc6+ 16. Kb2 Nbc4+ 17. bxc4 Nxc4+ 18. Ka1 Qxb5 19. Rb1 Qa4 20. Rhc1 Nxe3 21. Qxe3 Rxf3 22. Qxf3 Bxd4+ 23. Rb2 Qb4 24. Qb3+ Qxb3 25. axb3 Bxb2+ 26. Kxb2 c6 27. Rd1 Kf7 28. Rd7 b6 29. b4 Ke6 30.
Rb7 Kd6 31. Kc3 c5 32. b5 Ke6 33. Kc4 Kd6 34. g4 Ke6 35. g5 Kd6 36. h4 Ke6 37.
Kd3 Kd6 38. Ke3 Ke6 39. Kf4 Kd6 40. e5+ Ke6 41. Ke4 Rd8 42. Rxa7 Rd4+ 43. Ke3 Rxh4 44.
Rb7 Rc4 45. Rxb6+ Kxe5 46. Rb7 Kd6 47. b6 Rb4 48. Kd3 e5 49. Kc3 e4 50. Rb8 e3 51. b7 Kc6 52. Re8 Kxb7 53. Rxe3 Rg4 54. Re7+ Kc6 55. Rxh7 Rxg5 56. Rg7 Rg4 57. Rg8 g5 58.
Rg7 Rg3+ 59. Kc4 Rg4+ 60. Kc3 Kd5 61. Rd7+ Kc6 62. Rg7 1/2-1/2

[Event "*** Titled Tuesday Blitz"]
[Site "Chess.com"]
[Date "2020.05.05"]
[Round "7"]
[White "Petrosyan_Tigran"]
[Black "Grandelicious"]
[Result "1/2-1/2"]
[WhiteElo "2537"]
[BlackElo "2734"]
[TimeControl "180+1"]
[EndTime "11:19:30 PDT"]
[Termination "Game drawn by repetition"]

1. e4 f6 2. d4 e6 3. c4 d5 4.
exd5 exd5 5. cxd5 Qxd5 6. Nc3 Bb4 7. Nf3 Ne7 8. Bd3 O-O 9. O-O Bxc3 10. bxc3 Bf5 11. Be2 Nbc6 12. Qb3 Na5 13. Qxd5+ Nxd5 14. Bd2 Nb6 15. Bf4 c6 16. Rfe1 Rfe8 17. h3 Kf7 18. g4 Be6 19. Bd3 Bd5 20. Nd2 g5 21. Bg3 Nac4 22.
Nxc4 Nxc4 23. a4 b6 24. f4 Nd2 25. Kf2 Ne4+ 26. Bxe4 Rxe4 27. Rxe4 Bxe4 28. fxg5 fxg5 29. Ke3 Re8 30. Be5 Bg2 31. Rg1 Bd5 32. Rf1+ Ke7 33. Rf5 Rg8 34. Bf6+ Ke8 35. Bxg5 Rf8 36. Re5+ Kd7 37.
Bf4 Rf7 38. h4 a5 39. g5 Re7 40. Rxe7+ Kxe7 41. Bc7 b5 42. Bxa5 bxa4 43. Bb4+ Kf7 44.
Kf4 Ke6 45. h5 Bb3 46. Ba3 Bc2 47. g6 hxg6 48. h6 Kf6 49. Kg4 g5 50. Bc1 Bf5+ 51. Kh5 Bg6+ 52. Kg4 Bf5+ 53. Kh5 Bg6+ 54. Kg4 Bf5+ 1/2-1/2

[Event "*** Titled Tuesday Blitz"]
[Site "Chess.com"]
[Date "2020.05.05"]
[Round "7"]
[White "saraswathii"]
[Black "yamalchess"]
[Result "1-0"]
[WhiteElo "2343"]
[BlackElo "2543"]
[TimeControl "180+1"]
[EndTime "11:19:30 PDT"]
[Termination "saraswathii won on time"]

1. e4 e5 2. d3 Nc6 3. Nf3 Nf6 4. g3 d5 5. exd5 Nxd5 6. Bg2 Be7 7. O-O O-O 8. Nbd2 Bg4 9. h3 Bh5 10. Nc4 f6 11.
Ne3 Nxe3 12. Bxe3 Kh8 13. Qd2 Rb8 14. Nh4 Nd4 15. c3 Ne6 16. Nf5 Bc5 17. d4 exd4 18. cxd4 Bb6 19. d5 Nc5 20. Rac1 Nd7 21. Rfe1 Ne5 22. g4 Bg6 23. f4 Nf7 24. Bxb6 axb6 25. Nd4 Qd6 26. f5 Ne5 27. fxg6 hxg6 28. Ne6 Rf7 29.
g5 c5 30. gxf6 Rxf6 31. Rcd1 Nf3+ 32. Bxf3 Rxf3 33. Re2 Re8 34. Rf2 Rg3+ 35. Rg2 Re7 36. Rxg3 Qxg3+ 37. Qg2 Qe3+ 38. Kh1 Rf7 39. Rd2 Qe1+ 40.
Kh2 Rf5 41. Re2 Qd1 42. Rf2 1-0

[Event "*** Titled Tuesday Blitz"]
[Site "Chess.com"]
[Date "2020.05.05"]
[Round "7"]
[White "BabyBoss31"]
[Black "White_Ghost"]
[Result "1-0"]
[WhiteElo "2311"]
[BlackElo "2453"]
[TimeControl "180+1"]
[EndTime "11:19:30 PDT"]
[Termination "BabyBoss31 won by checkmate"]

1. d4 d5 2. c4 c6 3. Nf3 Nf6 4.
Nc3 dxc4 5. a4 e6 6. e3 c5 7. Bxc4 Nc6 8. O-O cxd4 9. exd4 Be7 10. Qe2 O-O 11. Rd1 Nb4 12. Bg5 h6 13. Bxf6 Bxf6 14. Ne4 Be7 15. Ne5 b6 16. Qh5 Bb7 17. Nxf7 Rxf7 18.
Bxe6 Qf8 19. d5 Rd8 20. d6 Bg5 21. Nxg5 hxg5 22. Qxg5 Rxd6 23. Bxf7+ Kxf7 24. Qf4+ Rf6 25. Qc7+ Kg8 26. Rd8 Bd5 27. Rxf8+ Rxf8 28. Qxa7 Nd3 29. f3 Nf4 30. Qxb6 Bf7 31. Qd6 Ne6 32. a5 Rd8 33. Qe5 Rd2 34. a6 Nd4 35. a7 Ne2+ 36.
Kh1 Kh7 37. a8=Q Rd7 38. h3 Nd4 39. Qae4+ Bg6 40. Q4xd4 Rf7 41. Qh4+ Kg8 42. Ra8+ Rf8 43. Rxf8+ Kxf8 44. Qee7+ Kg8 45. Qhg5 Kh7 46. Qxg6+ Kxg6 47. b4 Kh6 48. b5 Kh5 49. b6 g5 50. b7 g4 51. Qh7+ Kg5 52. h4+ Kf4 53. Qf7+ Kg3 54. Qc7+ Kxh4 55. Qh2+ Kg5 56. b8=Q Kf5 57. Qbe5+ Kg6 58.
Qe6+ Kg5 59. Qhe5+ Kh4 60. Qh6# 1-0

[Event "*** Titled Tuesday Blitz"]
[Site "Chess.com"]
[Date "2020.05.05"]
[Round "7"]
[White "Harry_Rakkel"]
[Black "Noam_Vitenberg"]
[Result "0-1"]
[WhiteElo "2618"]
[BlackElo "2503"]
[TimeControl "180+1"]
[EndTime "11:19:31 PDT"]
[Termination "Noam_Vitenberg won on time"]

1. d4 d5 2. Bf4 Nf6 3. e3 c5 4. c3 Nc6 5. Nf3 Qb6 6. Qb3 c4 7. Qxb6 axb6 8. a3 b5 9. Ne5 e6 10. f3 Nh5 11. Nxc6 bxc6 12. Be5 f6 13. Bc7 Ra7 14. Bb6 Ra6 15. Bc5 Bxc5 16. dxc5 g6 17. Nd2 e5 18. Be2 Kf7 19. f4 exf4 20. Bxh5 fxe3 21. Nf3 gxh5 22. Nd4 Rg8 23. g3 h4 24. Ke2 Re8 25. Raf1 Bg4+ 26. Ke1 Re4 27. h3 hxg3 28. Rfg1 Bh5 29. Rxg3 b4 30. Rhg1 Bg6 31. axb4 Ra2 32. R1g2 f5 33. Rf3 Kf6 34. h4 f4 35.
Rg4 Ra1+ 36. Ke2 Bh5 37. Rg5 Bxf3+ 38. Kxf3 Rf1+ 39. Ke2 Rf2+ 40. Ke1 Rxb2 41. Rf5+ Kg6 42. Rg5+ Kf7 43. Rf5+ Ke7 44. Nxc6+ Ke6 45. Rh5 f3 46. Rh6+ Kd7 47. Rd6+ Kc7 48. Kd1 e2+ 0-1

[Event "*** Titled Tuesday Blitz"]
[Site "Chess.com"]
[Date "2020.05.05"]
[Round "7"]
[White "Maksimus1998"]
[Black "dennisodessa"]
[Result "1/2-1/2"]
[WhiteElo "2465"]
[BlackElo "2306"]
[TimeControl "180+1"]
[EndTime "11:19:31 PDT"]
[Termination "Game drawn by repetition"]

1. c4 e6 2. Nc3 Nf6 3. e4 d5 4. e5 d4 5. exf6 dxc3 6. bxc3 Qxf6 7. Bd3 c5 8. Nf3 Nc6 9. Be4 Bd6 10. d3 Qxc3+ 11. Bd2 Qb2 12. O-O h6 13. Qe1 O-O 14. Bc3 Qa3 15. Bxc6 bxc6 16. Ne5 Qa6 17. Qe4 f6 18.
Ng6 Rf7 19. Rab1 Bd7 20. Rb2 Rb8 21. Rfb1 Rxb2 22. Rxb2 Qa3 23. Qe1 Bc8 24. h4 Qa6 25. h5 Rb7 26. Qc1 Rxb2 27. Qxb2 Kf7 28. Nh8+ Ke7 29.
Ng6+ Kf7 30. Nh8+ Ke7 31. Qe2 Qb6 32. g3 Qd8 33. Ng6+ Kf7 34. Qf3 Bd7 35. Kg2 Kg8 36.
Qe3 e5 37. Nh4 Qe7 38. Qe4 Qe8 39. g4 Be6 40. f3 Qd7 41. Qe2 Qb7 42. Qe4 Qd7 43. Kf2 Bf8 44. Ng2 Qb7 45. Ne3 Bd7 46. Kg3 Qb1 47. Nf5 Qg1+ 48. Kh3 Qh1+ 49. Kg3 Qg1+ 50.
Kh3 Qh1+ 51. Kg3 Qg1+ 1/2-1/2

[Event "*** Titled Tuesday Blitz"]
[Site "Chess.com"]
[Date "2020.05.05"]
[Round "7"]
[White "IAgrest"]
[Black "MartinMatthiesen"]
[Result "1-0"]
[WhiteElo "2269"]
[BlackElo "2438"]
[TimeControl "180+1"]
[EndTime "11:19:31 PDT"]
[Termination "IAgrest won on time"]

1. e4 c5 2. Nf3 d6 3. d4 cxd4 4. Nxd4 Nf6 5. Nc3 a6 6. Bg5 e6 7. f4 h6 8. Bh4 Qb6 9. a3 Be7 10. Bf2 Qc7 11. Bd3 Nbd7 12. Qe2 b5 13. O-O-O Bb7 14. Rhe1 Rc8 15. Kb1 O-O 16. f5 e5 17. Nb3 Nc5 18. g4 Rfe8 19. h4 b4 20. axb4 Nxb3 21. cxb3 d5 22. g5 hxg5 23. hxg5 Nxe4 24.
Bxe4 dxe4 25. f6 e3 26. Bxe3 Bxb4 27. Rc1 Bxc3 28. bxc3 Be4+ 29. Kb2 Qd6 30. Red1 Qe6 31. fxg7 Rb8 32. c4 Bg6 33. Qh2 Kxg7 34. Qh6+ Kg8 35.
Rh1 f5 36. Qh8+ Kf7 37. Rh7+ Bxh7 38. Qxh7+ Kf8 39. g6 Re7 40. Bh6+ Ke8 41. Qh8+ Kd7 42. Qxb8 Qxg6 43. Rd1+ Ke6 44. Qb6+ Kf7 45. Qxg6+ Kxg6 46. Be3 f4 47. Bc5 Re8 48. Kc3 Kf5 49. Kd2 1-0

[Event "*** Titled Tuesday Blitz"]
[Site "Chess.com"]
[Date "2020.05.05"]
[Round "7"]
[White "RaphaeI"]
[Black "Orest_Vovk"]
[Result "1-0"]
[WhiteElo "2635"]
[BlackElo "2416"]
[TimeControl "180+1"]
[EndTime "11:19:32 PDT"]
[Termination "RaphaeI won by resignation"]

1. c4 g5 2. d4 h6 3. e4 Bg7 4. Nc3 c5 5. d5 Bxc3+ 6. bxc3 d6 7. h4 g4 8. h5 Qa5 9. Bd2 Nf6 10.
Bd3 Nbd7 11. Ne2 Ne5 12. Qb1 Qa4 13. Bf4 Nxd3+ 14. Qxd3 Nd7 15. O-O b6 16. Ng3 Ba6 17. Qe3 Bxc4 18. Rfe1 f6 19. Nf5 Ne5 20. Bxe5 fxe5 21.
Nxh6 Kd7 22. Qg5 Kc7 23. Qxe7+ Qd7 24. Qxd7+ Kxd7 25. Nxg4 Ke7 26. h6 Bb5 27. f3 Bd7 28.
Ne3 Rxh6 29. Kf2 Rah8 30. c4 Kd8 31. a4 Kc7 32. a5 b5 33. cxb5 Bxb5 34. Ng4 R6h7 35.
Ne3 Bd7 36. a6 Rb8 37. Rab1 Rb5 38. Rxb5 Bxb5 39. Ra1 Kb6 40. Nf5 Rd7 41. g4 Bxa6 42. g5 Bc8 43. g6 Rd8 44. g7 Rg8 45. Rg1 Kc7 46. Ne7 Re8 47. g8=Q Rxe7 48. Rg7 Rxg7 49. Qxg7+ Bd7 50. Qf8 a5 51. Qa8 Kb6 52. Qb8+ 1-0

[Event "*** Titled Tuesday Blitz"]
[Site "Chess.com"]
[Date "2020.05.05"]
[Round "7"]
[White "Glidzhian_Gor"]
[Black "ketster"]
[Result "1-0"]
[WhiteElo "2491"]
[BlackElo "2266"]
[TimeControl "180+1"]
[EndTime "11:19:32 PDT"]
[Termination "Glidzhian_Gor won by resignation"]

1. e4 e5 2. Nf3 Nc6 3. Bb5 a6 4. Ba4 Nf6 5. d3 d6 6. O-O g6 7. c3 Bg7 8. h3 O-O 9. Nbd2 Nd7 10. b4 Kh8 11. Bb3 f5 12. exf5 gxf5 13. Re1 Qf6 14.
Nf1 Nb6 15. Ng3 Qg6 16. Nh4 Qf6 17. Qh5 d5 18. Bg5 Qd6 19. c4 Nxb4 20. c5 Qxc5 21. Ng6+ Kg8 22. Nxf8 Qxf8 23. Rad1 c5 24. Qh4 Nc6 25.
Nh5 Be6 26. Nxg7 Qxg7 27. Bf6 Qg6 28. Bxe5 Nd7 29. Ba1 Rf8 30. Kf1 Bf7 31. Re3 Qd6 32.
Rg3+ Bg6 33. Qh6 Nde5 34. Re1 f4 35. Rxg6+ Qxg6 36. Bxd5+ Nf7 37. Qxg6+ hxg6 38. Re6 Nd4 39. Rxg6+ Kh7 40. Rf6 Kg7 41. Rxf4 Ne5 42. Bxd4 Rxf4 43. Bxe5+ Kg6 44. Bxf4 Kf5 45. Be3 Kf6 46. Be4 Ke5 47.
Bxc5 Ke6 48. Bb6 Kd7 49. Bxb7 Kd6 50. Ba5 Ke5 51. Bxa6 Kd4 52. Bc4 Kc5 53. Bc7 Kc6 54. Bf4 1-0

[Event "*** Titled Tuesday Blitz"]
[Site "Chess.com"]
[Date "2020.05.05"]
[Round "7"]
[White "Juanovic"]
[Black "RAU4ever"]
[Result "1-0"]
[WhiteElo "2191"]
[BlackElo "2337"]
[TimeControl "180+1"]
[EndTime "11:19:32 PDT"]
[Termination "Juanovic won by resignation"]

1. e4 c5 2. Nf3 d6 3. Bb5+ Bd7 4. Bxd7+ Qxd7 5. Nc3 Nf6 6. d3 e6 7. O-O g6 8. a4 Bg7 9. h3 O-O 10. Re1 Nc6 11. Bf4 b6 12. e5 Ne8 13. Qe2 Rc8 14. Rad1 Nd4 15. Nxd4 cxd4 16. Nb5 dxe5 17. Bxe5 Bxe5 18.
Qxe5 Rxc2 19. Nxd4 Rxb2 20. Nf5 exf5 21. Qxb2 Qxa4 22. d4 Nd6 23. Ra1 Qd7 24. d5 Nc4 25. Qd4 Rc8 26. Rec1 Nd6 27. Rxc8+ Nxc8 28. Rc1 Nd6 29.
Rc6 b5 30. Qc5 Ne4 31. Qxb5 Qe7 32. Qb2 Qd8 33. Qe5 a5 34. Rc7 a4 35. Qe7 Qxe7 36.
Rxe7 Kg7 37. Ra7 Kf6 38. Rxa4 Ke5 39. Ra7 Nd6 40. Ra5 Nc4 41. Rc5 Nb6 42. Rc7 Nxd5 43.
Rxf7 h5 44. g3 Ke6 45. Rf8 Ne7 46. Ra8 Nd5 47. Kg2 Ne7 48. h4 Kf6 49. Ra6+ Kf7 50. Kf3 Nd5 51. Ra7+ Kf6 52. Ra6+ Kf7 53. Rd6 Ne7 54. Kf4 Nc8 55. Rd7+ Ke6 56. Rc7 Nd6 57. Rc6 Ke7 58. Rxd6 Kxd6 59. Kg5 Ke5 60. Kxg6 f4 61. Kxh5 fxg3 62. fxg3 Kf5 63. g4+ Kf6 64. Kh6 1-0

[Event "*** Titled Tuesday Blitz"]
[Site "Chess.com"]
[Date "2020.05.05"]
[Round "7"]
[White "Zurability"]
[Black "Happy1712Drummer"]
[Result "1-0"]
[WhiteElo "2689"]
[BlackElo "2535"]
[TimeControl "180+1"]
[EndTime "11:19:35 PDT"]
[Termination "Zurability won by checkmate"]

1. d4 d5 2. c4 e6 3. Nf3 Nf6 4. Qc2 c6 5. Bg5 Be7 6. e3 O-O 7. Nc3 Nbd7 8. cxd5 exd5 9. Bd3 Re8 10. O-O Nf8 11.
h3 a5 12. Rae1 Ne4 13. Bxe7 Qxe7 14. Bxe4 dxe4 15. Nd2 f5 16. f3 exf3 17. Nxf3 Be6 18. e4 fxe4 19. Rxe4 Qd6 20. Ng5 Bd5 21. Ref4 Qg6 22.
Qxg6 Nxg6 23. Nxd5 cxd5 24. Rf5 Re2 25. R1f2 Rxf2 26.
Kxf2 Rf8 27. Rxf8+ Nxf8 28. Ke3 h6 29. Nf3 Kf7 30.
Ne5+ Ke6 31. Nd3 Nd7 32. Kf4 b6 33. Kg4 Nb8 34. Kh5 Nc6 35. Kg6 Nxd4 36. Kxg7 Nf5+ 37. Kh7 Ne3 38. g4 d4 39. Kxh6 Kd5 40. g5 Ke4 41.
Nc1 Nf5+ 42. Kh7 Ke3 43. a4 Kd2 44. Nb3+ Kc2 45. Nxd4+ Nxd4 46. g6 Ne6 47. g7 Nxg7 48. Kxg7 Kxb2 49. h4 Kb3 50. h5 Kxa4 51. h6 b5 52. h7 b4 53. h8=Q b3 54. Kf7 Ka3 55.
Qa1+ Kb4 56. Ke6 a4 57. Kd5 a3 58. Qd4+ Ka5 59. Kc6 b2 60. Qb6+ Ka4 61. Qb5# 1-0

[Event "*** Titled Tuesday Blitz"]
[Site "Chess.com"]
[Date "2020.05.05"]
[Round "7"]
[White "realmadridtv"]
[Black "MarcoRiehle"]
[Result "1-0"]
[WhiteElo "2400"]
[BlackElo "2606"]
[TimeControl "180+1"]
[EndTime "11:19:35 PDT"]
[Termination "realmadridtv won by resignation"]

1. d4 d5 2. c4 e6 3. g3 dxc4 4. Bg2 Nf6 5. Qa4+ c6 6. Qxc4 b5 7. Qd3 Bb7 8. Nf3 a6 9. O-O Nbd7 10. Be3 Be7 11. Nbd2 c5 12. dxc5 Nxc5 13. Qxd8+ Rxd8 14. Ne5 Bxg2 15. Kxg2 Rc8 16. Rfc1 O-O 17. Bxc5 Bxc5 18.
Nb3 Bb6 19. f3 Rfe8 20. e4 Kf8 21. g4 h6 22. h4 Red8 23. g5 Nh5 24. Rxc8 Nf4+ 25.
Kg3 Ne2+ 26. Kg4 Rxc8 27. Nd7+ Ke7 28. Nxb6 Rc6 29. Re1 h5+ 30. Kxh5 Nf4+ 31. Kg4 Nd3 32. Re3 Ne5+ 33. Kf4 Ng6+ 34. Kg3 Rxb6 35. Nc5 Rc6 36. b4 a5 37. a3 Ne5 38. f4 Nc4 39. Rd3 Ke8 40.
h5 f5 41. e5 Nb6 42. h6 gxh6 43. gxh6 Kf7 44. Kh4 Kg6 45. Rd6 Rxd6 46. exd6 axb4 47. axb4 Kxh6 48. d7 Nxd7 49. Nxd7 Kg6 50. Ne5+ Kh6 51.
Nf3 Kg6 52. Ne5+ Kh6 53. Nc6 Kg6 54. Nd4 Kf6 55. Nxb5 e5 56. fxe5+ Kxe5 57. Nc3 Kd4 58. b5 Kxc3 59. b6 Kd4 60. Kg3 Ke5 61. b7 1-0

[Event "*** Titled Tuesday Blitz"]
[Site "Chess.com"]
[Date "2020.05.05"]
[Round "7"]
[White "IriBu"]
[Black "annamaja"]
[Result "1-0"]
[WhiteElo "2449"]
[BlackElo "2300"]
[TimeControl "180+1"]
[EndTime "11:19:35 PDT"]
[Termination "IriBu won by resignation"]

1. e4 c6 2. d3 d5 3. Nd2 e5 4.
Ngf3 Nd7 5. g3 Ngf6 6. Bg2 Bd6 7. O-O O-O 8. Re1 Re8 9. c3 Nc5 10. Qc2 dxe4 11. dxe4 a5 12. Nc4 Bc7 13. Bg5 h6 14.
Bxf6 Qxf6 15. a4 Be6 16. Nfd2 Red8 17. Bf1 b5 18. axb5 cxb5 19. Ne3 Rxd2 20. Qxd2 Nb3 21. Qc2 Nxa1 22. Rxa1 Rb8 23. Nd5 Bxd5 24. exd5 Bb6 25. Rd1 Bc5 26. b3 b4 27. cxb4 Bxb4 28. Qc6 Qxc6 29.
dxc6 Rc8 30. Bg2 Rc7 31. Rd8+ Kh7 32. Re8 f6 33. h4 Kg6 34. Bd5 Kf5 35. Kg2 Kg4 36.
Re6 Kf5 37. Kf3 h5 38. Re8 Kg6 39. Ke4 Bc3 40. Kf3 f5 41. Re6+ Kh7 42. Rd6 Bd4 43. Be6 Bc5 44. Bxf5+ Kg8 45. Rd8+ Kf7 46. Be4 Kf6 47.
Ke2 Bd4 48. f3 Ke7 49. Rg8 Kd6 50. g4 hxg4 51. fxg4 Kc5 52. h5 Kb4 53. Rb8+ Kc3 54. g5 Kb2 55. Rb7 Rxb7 56. cxb7 Ba7 57. Bd5 Kc3 58. h6 gxh6 59. gxh6 Kd4 60. h7 Kxd5 61. h8=Q Kc6 62. b8=Q 1-0

[Event "*** Titled Tuesday Blitz"]
[Site "Chess.com"]
[Date "2020.05.05"]
[Round "7"]
[White "mirceaparligras"]
[Black "Anastasia_Nesytova"]
[Result "1-0"]
[WhiteElo "2624"]
[BlackElo "2382"]
[TimeControl "180+1"]
[EndTime "11:19:36 PDT"]
[Termination "mirceaparligras won by resignation"]

1. d4 d5 2. Nf3 Nf6 3. c4 c6 4. Nc3 dxc4 5. a4 Bf5 6. Ne5 Nbd7 7. Nxc4 Nb6 8. Ne3 Bg6 9. a5 Nbd5 10. g3 e6 11. Bg2 Bb4 12. Bd2 Nxe3 13. fxe3 Bxa5 14. O-O O-O 15. Qb3 Bb6 16. Na4 Ne4 17. Bb4 Re8 18.
Rf4 Nf6 19. Bc5 Bc7 20. Rff1 Qc8 21. Nc3 a5 22. Bb6 Ra6 23. Bxc7 Qxc7 24. e4 Rd8 25. e3 c5 26. Nb5 Qb6 27. e5 Nd5 28. Rac1 cxd4 29.
exd4 Nb4 30. Nd6 Qxd4+ 31. Kh1 Qxe5 32. Nxb7 Rb8 33. Nc5 Ra7 34. Qc4 h6 35. Rfe1 Qc7 36. Qg4 Qb6 37. Nxe6 fxe6 38. Qxg6 Re7 39. Rcd1 Rf8 40.
h3 Rf6 41. Qe4 Rf2 42. Rf1 Rxf1+ 43. Rxf1 Nd5 44. Qf3 Qd6 45. Qf8+ Kh7 46. Be4+ g6 47. Rf7+ Rxf7 48. Qxd6 Kh8 49. Qd8+ Kg7 50. Bxd5 exd5 51. Qxd5 a4 52. Qd4+ Kh7 53. Qxa4 1-0

[Event "*** Titled Tuesday Blitz"]
[Site "Chess.com"]
[Date "2020.05.05"]
[Round "7"]
[White "LuckSlayeer"]
[Black "Loiacono_Antonio"]
[Result "1/2-1/2"]
[WhiteElo "2512"]
[BlackElo "2374"]
[TimeControl "180+1"]
[EndTime "11:19:37 PDT"]
[Termination "Game drawn by repetition"]

1. Nf3 d5 2. g3 Nf6 3. Bg2 c6 4. O-O Bg4 5. d4 e6 6. Nbd2 Nbd7 7.
Re1 Be7 8. e4 dxe4 9. Nxe4 Nxe4 10. Rxe4 Nf6 11. Re1 O-O 12. c3 Rc8 13. Qb3 Qb6 14. Ne5 Bf5 15. Nc4 Qa6 16. Bf4 Rfd8 17. Bf1 b5 18. Ne5 Nd5 19. Bd2 Nb6 20. Bg2 Nd5 21. a4 Qb6 22. axb5 cxb5 23. Bf1 a6 24. Ra2 Bf6 25. Rea1 Nc7 26. Bf4 Qb7 27. Bg2 Be4 28.
Bxe4 Qxe4 29. Ng4 Nd5 30. Nxf6+ gxf6 31. Bd2 Qe2 32. Qd1 Qxd1+ 33. Rxd1 b4 34. cxb4 Rc4 35. Bc3 Rxc3 36. bxc3 Nxc3 37. Rad2 Nxd1 38. Rxd1 Rb8 39. Rb1 Rb5 40. Ra1 Rxb4 41. Rxa6 Rxd4 42. Kg2 Kg7 43. h4 f5 44. Ra5 h5 45. Ra6 Kg6 46. Ra5 Rb4 47. Ra8 Rd4 48. Rg8+ Kf6 49. Rh8 Kg6 50. Rg8+ Kf6 51. Rh8 Kg6 52. Rg8+ 1/2-1/2

[Event "*** Titled Tuesday Blitz"]
[Site "Chess.com"]
[Date "2020.05.05"]
[Round "7"]
[White "ShadowJolteon"]
[Black "petrkostenko"]
[Result "0-1"]
[WhiteElo "2248"]
[BlackElo "2434"]
[TimeControl "180+1"]
[EndTime "11:19:37 PDT"]
[Termination "petrkostenko won by checkmate"]

1. d4 e6 2. c4 b6 3. Nf3 Bb7 4. g3 Bb4+ 5. Bd2 Bxf3 6. exf3 Bxd2+ 7. Qxd2 Ne7 8. Bg2 d5 9. f4 O-O 10. O-O Qd7 11. Nc3 Nbc6 12. f5 dxc4 13. f6 gxf6 14. Ne4 Kg7 15. Qf4 Nd5 16. Nxf6 Nxf4 17. Nxd7 Nxg2 18.
Nxf8 Rxf8 19. Rfc1 b5 20. a4 Nf4 21. gxf4 Nxd4 22.
Rd1 Nb3 23. Ra3 b4 24. Ra2 Rc8 25. Rd7 Kf6 26. Kg2 a5 27. Kg3 h6 28. Kf3 c5 29. Rb7 Nd4+ 30. Ke4 Nc2 31. b3 cxb3 32. Rb2 c4 33. Ra7 Ne1 34. Rb1 Nd3 35. Rxa5 Nxf2+ 36. Ke3 Ng4+ 37. Kf3 Rg8 38. h3 Nh2+ 39. Ke4 Rg2 40. Rb5 c3 41. Kd3 Rd2+ 42. Ke3 b2 43. Rg1 c2 44. Rxb4 c1=Q 45. Rxc1 bxc1=Q 46. a5 Rd5+ 47. Ke4 Qc2+ 48. Ke3 Qd2+ 49. Ke4 Qd3# 0-1

[Event "*** Titled Tuesday Blitz"]
[Site "Chess.com"]
[Date "2020.05.05"]
[Round "7"]
[White "Antelacus"]
[Black "Blagorod"]
[Result "0-1"]
[WhiteElo "2261"]
[BlackElo "2125"]
[TimeControl "180+1"]
[EndTime "11:19:37 PDT"]
[Termination "Blagorod won on time"]

1. d4 d5 2. c4 Nc6 3. Nf3 Bg4 4. e3 e5 5. cxd5 Qxd5 6. Nc3 Bb4 7. Be2 exd4 8. exd4 O-O-O 9. O-O Bxc3 10. bxc3 Nge7 11. Qb3 Qxb3 12. axb3 a6 13. Re1 Rhe8 14. h3 Be6 15. b4 Nd5 16. Bd2 Nb6 17. b5 axb5 18. Bxb5 Bd5 19.
Ne5 Re7 20. Nxc6 Rxe1+ 21. Rxe1 bxc6 22. Ba6+ Kd7 23. Bf4 Ra8 24. Bd3 Ra3 25. Bxh7 g6 26. Bg5 Rxc3 27. Bg8 Nc8 28. Ra1 Rd3 29. Be3 Rb3 30.
Ra8 c5 31. Ra5 Rb8 32. Rxc5 Ne7 33. Bh7 Rh8 34. Bg5 c6 35. Bxe7 Kxe7 36. Bxg6 fxg6 37. f3 Ra8 38. Kf2 Ra2+ 39. Kg3 Rd2 40. Ra5 Rxd4 41. Ra7+ Kf6 42. h4 Rb4 43. Rc7 Rb2 44.
Kh3 Rc2 45. g4 Bxf3 46. Kg3 Bd5 47. Kf4 Rc4+ 48. Kg3 Ke5 49. g5 Kf5 50. Rc8 Rc3+ 51.
Kf2 Kg4 52. Rh8 c5 53. Ke2 c4 54. Kd2 Rh3 55. Kc2 Rxh4 0-1

[Event "*** Titled Tuesday Blitz"]
[Site "Chess.com"]
[Date "2020.05.05"]
[Round "7"]
[White "amiralfio"]
[Black "XiaoKangZhong"]
[Result "0-1"]
[WhiteElo "2443"]
[BlackElo "2324"]
[TimeControl "180+1"]
[EndTime "11:19:38 PDT"]
[Termination "XiaoKangZhong won by resignation"]

1. Nf3 Nf6 2. c4 e6 3. b3 d5 4. Bb2 Be7 5. e3 O-O 6. h3 dxc4 7. Bxc4 c5 8. O-O Nc6 9. Nc3 a6 10. Be2 b5 11. d4 cxd4 12. exd4 Nb4 13. Ne5 Bb7 14. Rc1 Rc8 15. Bf3 Bxf3 16. Nxf3 Nbd5 17. Qd3 h6 18. Ne5 Qa5 19. Nxd5 Nxd5 20. Nc6 Qxa2 21. Ba1 Rxc6 22. Rxc6 Nb4 23. Qg3 Bf6 24. Rc7 a5 25. Bc3 Nd5 26. Rc5 Qxb3 27. Ba1 Qxg3 28. fxg3 Rb8 29. Rb1 b4 30. Rxa5 b3 31. Kf1 Ne3+ 32.
Ke2 Nc4 33. Ra4 Nd6 34. Kd3 Nf5 35. g4 Nh4 36. g3 Nf3 37. Rf1 Ng5 38. h4 Nh7 39.
Bb2 g5 40. h5 Kg7 41. Ra3 Nf8 42. Kc3 Nd7 43. Rxb3 Rc8+ 44. Kd3 Rd8 45. Rb7 Nc5+ 46.
Kc4 Nxb7 47. Bc3 Rc8+ 48. Kd3 Nd6 49. Rb1 Ne8 50. Rb7 Nc7 51. Rb6 Nd5 52. Rb3 Rxc3+ 53.
Rxc3 Nxc3 54. Kxc3 Kf8 55. Kd3 Ke7 56. Ke4 Kd6 57.
Kd3 Kd5 58. Ke3 Bxd4+ 59. Kd3 Be5 60. Ke3 Bxg3 61. Kd3 0-1

[Event "*** Titled Tuesday Blitz"]
[Site "Chess.com"]
[Date "2020.05.05"]
[Round "7"]
[White "mshuaau0"]
[Black "agrigo3"]
[Result "1-0"]
[WhiteElo "2133"]
[BlackElo "2308"]
[TimeControl "180+1"]
[EndTime "11:19:39 PDT"]
[Termination "mshuaau0 won on time"]

1. e4 d6 2. d4 Nf6 3. Bd3 e5 4. c3 d5 5. dxe5 Nxe4 6. Nd2 Nc5 7.
Bc2 Nc6 8. Ndf3 Bg4 9. h3 Bh5 10. g4 Bg6 11. Bf4 Ne6 12. Bg3 Bxc2 13. Qxc2 Qd7 14.
O-O-O O-O-O 15. Nd4 Ncxd4 16. cxd4 Kb8 17. f4 h5 18. Ne2 g6 19. Kb1 Rc8 20. f5 Ng5 21.
Nc3 gxf5 22. gxf5 Bb4 23. Bf4 Bxc3 24. Bxg5 Bb4 25. a3 Ba5 26. b4 Bb6 27. h4 a5 28.
Rhe1 Rhg8 29. e6 fxe6 30. fxe6 Qb5 31. Qb3 axb4 32. axb4 Rcf8 33. Re5 c6 34. e7 Re8 35.
Kb2 Bc7 36. Re6 Bb6 37. Ka3 Bc7 38. Qa4 Qxa4+ 39. Kxa4 Rg7 40. Rde1 Kc8 41. Rf1 Kd7 42. Re2 Bd6 43. Rfe1 Bxe7 44. Re5 Rf7 45. R1e2 Rg7 46. b5 Rf7 47. b6 Rg7 48. Kb3 Rf7 49. Kc3 Rf3+ 50.
Kd2 Bxg5+ 51. hxg5 Rxe5 52. Rxe5 h4 53. g6 h3 54. Rg5 h2 55. Rh5 Rg3 56. Rxh2 1-0

[Event "*** Titled Tuesday Blitz"]
[Site "Chess.com"]
[Date "2020.05.05"]
[Round "7"]
[White "putra48"]
[Black "r31415"]
[Result "1-0"]
[WhiteElo "2631"]
[BlackElo "2408"]
[TimeControl "180+1"]
[EndTime "11:19:40 PDT"]
[Termination "putra48 won by resignation"]

1. e4 e5 2. Nf3 Nc6 3. Bb5 Nf6 4. O-O Nxe4 5. d4 Nd6 6. Bxc6 dxc6 7. dxe5 Nf5 8. Qxd8+ Kxd8 9. h3 Ke8 10. Nc3 Be6 11.
Ng5 Rd8 12. Nxe6 fxe6 13. Ne4 Be7 14. g4 Nd4 15. c3 Nf3+ 16. Kg2 Nxe5 17. Bf4 Nd3 18.
Bg3 Rd7 19. b3 Nc5 20. Rfe1 Kf7 21. Nxc5 Bxc5 22. Re2 Re8 23. Rae1 Bb6 24. Be5 Rd3 25. Re4 g5 26. R1e2 Kg6 27. c4 a5 28. Bg3 Kf7 29. h4 h6 30. hxg5 hxg5 31. Re5 Kf6 32. R5e4 Re7 33. Be5+ Kg6 34. Bb2 Kf7 35. Re5 Bd4 36.
Rxg5 Bxb2 37. Rxb2 Red7 38. Rxa5 R7d4 39. f3 Kf6 40.
Re2 Rf4 41. Rf2 Rfd4 42. Ra7 Rd2 43. Rxb7 Rxf2+ 44. Kxf2 Rd2+ 45. Kg3 Rxa2 46. Rxc7 Rb2 47. Rxc6 Rxb3 48. Kf4 Rc3 49. g5+ Kf7 50. Ke4 Rc1 51. f4 Re1+ 52. Kd4 Kg6 53. Rc8 Kf5 54. Rf8+ Kg4 55. g6 Kf3 56. g7 Rd1+ 57. Kc5 1-0

[Event "*** Titled Tuesday Blitz"]
[Site "Chess.com"]
[Date "2020.05.05"]
[Round "7"]
[White "RaunakSadhwani2005"]
[Black "theblitzchamp"]
[Result "1-0"]
[WhiteElo "2870"]
[BlackElo "2683"]
[TimeControl "180+1"]
[EndTime "11:19:41 PDT"]
[Termination "RaunakSadhwani2005 won by checkmate"]

1. e4 e5 2. Nc3 Nf6 3. Bc4 Nc6 4. d3 Bc5 5. Nf3 d6 6. h3 Be6 7. O-O Bxc4 8. dxc4 O-O 9. Bg5 h6 10. Bh4 Nd4 11. Qd3 c6 12. Rad1 Qe7 13. Na4 Rad8 14. c3 Ne6 15. Nxc5 Nxc5 16. Qe3 Qe6 17. Bxf6 Qxf6 18.
b4 Ne6 19. Qxa7 Rd7 20. Qe3 Nf4 21. Kh2 Ra8 22. Rd2 Ra3 23. Rfd1 Kh7 24. g3 Ne6 25. c5 d5 26. exd5 cxd5 27. Rxd5 Rxd5 28. Rxd5 Rxa2 29. Rxe5 g6 30. Kg2 Rc2 31. h4 Ng7 32. Qd3 Ra2 33. h5 Qc6 34. Re7 Qf6 35. hxg6+ fxg6 36.
Rxb7 Ra8 37. Rb6 Qf7 38. Ne5 Qf5 39. Qxf5 gxf5 40. Rb7 Kg8 41. c6 Ne6 42. b5 Nc5 43.
Re7 Kf8 44. Rh7 Ra2 45. Nd7+ Kg8 46. Nxc5 Kxh7 47. c7 Ra8 48. b6 Rc8 49. Ne6 Kg6 50. b7 Rxc7 51. Nxc7 f4 52. b8=Q Kh5 53. gxf4 Kh4 54.
Nd5 h5 55. Qd8+ Kg4 56. Qg5# 1-0